AoeStats
← Marko

Glade

510745773Analyzed
1v1 RM · 10h ago on Oct 2, 2026· 41m 28s· 2 players
Game mode
Random Map
Map size
Tiny (2 player)
Population
200
Speed
Normal
Resources
Standard
Victory
Conquest
Starting age
Dark Age
Ending age
Imperial Age
RankedLock teamsTeams togetherTeam positionsShared explorationLock speedFull tech treeHidden civsTurbo modeCheats
Victory
Defeat
🇺🇸 Ethiopians · United States
734
+17
🇵🇪 Maya · Peru
766
-26
LatentVariable
11:19 Loom
13:14 Feudal Age
11:29 Loom
14:13 Double-Bit Axe
16:06 Horse Collar
18:15 Stone Mining
21:07 Castle Age
19:31 Fletching
19:44 Padded Archer Armor
22:34 Crossbowman
23:20 Bodkin Arrow
23:36 Elite Skirmisher
24:47 Leather Archer Armor
24:43 Forging
29:13 Royal Heirs
30:42 Wheelbarrow
29:53 Town Watch
35:27 Imperial Age
33:45 Crossbowman
37:19 Chemistry
36:40 Ballistics
36:33 Masonry
37:00 Siege Engineers
37:17 Ballistics
36:36 Capped Ram
41:16 Elite Shotel Warrior
41:20 Elite Shotel Warrior
Marko
9:41 Loom
11:55 Feudal Age
13:31 Horse Collar
13:39 Double-Bit Axe
18:38 Wheelbarrow
17:59 Fletching
25:05 Castle Age
23:20 Padded Archer Armor
27:11 Thumb Ring
31:26 Imperial Age
29:01 Heavy Plow
30:44 Bodkin Arrow
30:44 Gold Mining
34:39 Bracer
35:37 Murder Holes
36:48 Ballistics
41:04 Eagle Warrior
Connection lost

Rejoining the realm…

Still unreachable

The connection could not be restored.

Session expired

The server has moved on; the page needs a fresh start.